 Dungeon Sprint DCSS version 0.18-a0-1788-g92de1ac (webtiles) character file.

13748 Moloch the Phalangite (level 11, -1/118 HPs)
             Began as a Minotaur Berserker on Apr 19, 2016.
             Was a Priest of Okawaru.
             Slain by a hill giant
             ... wielding a +0 giant spiked club
              (35 damage)
             ... in the Dungeon (Sprint IX: "|||||||||||||||||||||||||||||").
             The game lasted 00:05:46 (2305 turns).

Moloch the Phalangite (Minotaur Berserker)          Turns: 2305, Time: 00:05:47

Health: -1/118     AC: 16    Str: 30    XL:     11   Next: 79%
Magic:  10/10      EV:  9    Int:  4    God:    Okawaru [***...]
Gold:   1253       SH:  0    Dex: 15    Spells: 0 memorised, 10 levels left

rFire  . . .     SeeInvis .     x - +9 bardiche "Bauvufua" {venom, Str+4}
rCold  . . .     Gourm    .     q - +0 plate armour
rNeg   . . .     Faith    .     (shield currently unavailable)
rPois  .         Spirit   .     (helmet restricted)
rElec  .         Dismiss  .     o - +0 cloak
rCorr  .         Reflect  .     j - +2 pair of gloves
SustAt .         Harm     .     p - +0 pair of boots
MR     .....     NoTele   +     (no amulet)
Stlth  ..........               s - +3 ring of strength
                                r - +3 ring of dexterity

@: not resistant to hostile enchantments, extremely unstealthy
A: retaliatory headbutt, horns 2
a: Heroism, Renounce Religion


You were in the Dungeon.
You worshipped Okawaru.
Okawaru was most pleased with you.
You were hungry.

You visited 1 branch You collected 1253 gold pieces.

Inventory:

Hand Weapons
 a - a +0 spear
 x - the +9 bardiche "Bauvufua" (weapon) {venom, Str+4}
   (Trog gifted it to you in the Dungeon)

   It poisons the flesh of those it strikes.
   It affects your strength (+4).
Missiles
 b - 6 javelins of penetration (quivered)
Armour
 j - a +2 pair of gloves (worn)
 o - a +0 cloak (worn)
 p - a +0 pair of boots (worn)
 q - a +0 plate armour (worn)
Jewellery
 r - a +3 ring of dexterity (left hand)
 s - a +3 ring of strength (right hand)
Wands
 m - a wand of acid (7/15)
Scrolls
 i - 2 scrolls of blinking
 l - 4 scrolls of remove curse
 n - 2 scrolls of amnesia
 v - 4 scrolls of fog
 w - 2 scrolls of identify
 y - a scroll of brand weapon
Potions
 d - 5 potions of curing
 e - 7 potions of heal wounds
 f - 2 potions of haste
 g - 4 potions of magic
 h - a potion of berserk rage
 k - a potion of invisibility
 t - a potion of resistance
 u - a potion of agility
Comestibles
 c - 13 bread rations
 z - 40 fruits
 A - 12 meat rations


   Skills:
 + Level 17.6 Fighting
 * Level 25.2 Polearms
 * Level 8.7 Throwing
 - Level 2.8 Armour
 - Level 2.6 Dodging


You had 10 spell levels left.
You didn't know any spells.

Dungeon Overview and Level Annotations

Branches:
Dungeon (1/1)

Altars:
Cheibriados
Dithmenos
Elyvilon
Fedhas
Gozag
Kikubaaqudgha
Makhleb
Nemelex Xobeh
Okawaru
Pakellas
Qazlal
Ru
Sif Muna
Trog
Vehumet
Xom
Yredelemnul
Zin
The Shining One
Beogh
Jiyva
Lugonu

Shops:
D [


Innate Abilities, Weirdness & Mutations

You reflexively headbutt those who attack you in melee.
You have a pair of horns on your head.


Message History

The deep troll is severely wounded.
You feel less confused. The deep troll bites you.
The deep troll barely misses you.
The deep troll claws you but does no damage.
You hit the deep troll. Your headbutt misses the deep troll.
The deep troll is severely wounded.
You closely miss the deep troll.
The deep troll is severely wounded.
The deep troll bites you.
The deep troll claws you but does no damage.
The deep troll claws you!
* * * LOW HITPOINT WARNING * * *
The ogre mage hits you but does no damage.
You closely miss the deep troll. You headbutt the deep troll!
You kill the deep troll!
Okawaru is honoured by your kill.
You cut the hill giant into ribbons!!!
The hill giant is poisoned.
The hill giant is severely wounded.
The hill giant hits you with a giant spiked club!!
You die...

▓▓▓▓▓▓▓▓▓▓▓▓▓▓▓▓▓▓▓▓▓▓▓▓
)).'.....).)...O@CC..$∩$
▓▓▓▓▓▓▓▓▓▓▓▓▓▓▓▓▓▓▓▓▓▓▓▓▓▓▓▓▓▓▓▓▓
.................................
▓▓▓▓▓▓▓▓▓▓▓▓▓▓▓▓▓▓▓▓▓▓▓▓▓▓▓▓▓▓▓▓▓
.......'..)......÷........|...'..
▓▓▓▓▓▓▓▓▓▓▓▓▓▓▓▓▓▓▓▓▓▓▓▓▓▓▓▓▓▓▓▓▓
.................................
▓▓▓▓▓▓▓▓▓▓▓▓▓▓▓▓▓▓▓▓▓▓▓▓▓▓▓▓▓▓▓▓▓
_______________'..|)....()(....()


You could see 2 hill giants and an ogre mage.

Vanquished Creatures
  An ettin (D)
  A hydra (D)
  2 centaur warriors (D)
  An ogre mage (D)
  An orc high priest (D)
  2 deep trolls (D)
  4 lindwurms (D)
  3 orc knights (D)
  An orc sorcerer (D)
  A griffon (D)
  A spiny frog (D)
  A komodo dragon (D)
  2 giant leeches (D)
  3 trolls (D)
  2 blink frogs (D)
  A boulder beetle (D)
  A hippogriff (D)
  3 yaks (D)
  2 water moccasins (D)
  A porcupine (D)
  7 orc warriors (D)
  4 crocodiles (D)
  A scorpion (D)
  A wight (D)
  A howler monkey (D)
  A quasit (D)
  3 orc priests (D)
  2 orc wizards (D)
  2 iguanas (D)
  2 worker ants (D)
  2 worms (D)
  10 orcs (D)
  3 goblins (D)
  A jackal (D)
  A rat (D)
75 creatures vanquished.

Vanquished Creatures (collateral kills)
  A hydra (D)
  A lindwurm (D)
  A yak (D)
3 creatures vanquished.

Grand Total: 78 creatures vanquished

Notes
Turn   | Place    | Note
--------------------------------------------------------------
     0 | D        | Moloch the Minotaur Berserker began the quest for the Orb.
     0 | D        | Reached XP level 1. HP: 19/19 MP: 0/0
     6 | D        | Reached skill level 4 in Polearms
     9 | D        | Reached ** piety under Trog
    26 | D        | Noticed a howler monkey
    26 | D        | Noticed a quasit
    26 | D        | Noticed an iguana
    26 | D        | Noticed a water moccasin
    28 | D        | Killed a howler monkey
    28 | D        | Reached *** piety under Trog
    28 | D        | Reached skill level 5 in Fighting
    28 | D        | Reached skill level 7 in Polearms
    28 | D        | Reached XP level 2. HP: 30/30 MP: 1/1
    28 | D        | Reached XP level 3. HP: 37/37 MP: 2/2
    31 | D        | Reached skill level 8 in Polearms
    31 | D        | Reached XP level 4. HP: 45/45 MP: 3/3
    36 | D        | Reached skill level 9 in Polearms
    40 | D        | Killed a water moccasin
    40 | D        | Reached **** piety under Trog
    40 | D        | Reached skill level 11 in Polearms
    40 | D        | Reached XP level 5. HP: 56/56 MP: 4/4
    54 | D        | Found a glowing silver altar of Zin.
    54 | D        | Found a glowing golden altar of the Shining One.
    54 | D        | Found an ancient bone altar of Kikubaaqudgha.
    54 | D        | Found a basalt altar of Yredelemnul.
    54 | D        | Found a shimmering altar of Xom.
    54 | D        | Found a radiant altar of Vehumet.
    55 | D        | Found an iron altar of Okawaru.
    56 | D        | Found a burning altar of Makhleb.
    57 | D        | Found a deep blue altar of Sif Muna.
    58 | D        | Found a bloodstained altar of Trog.
    59 | D        | Found a sparkling altar of Nemelex Xobeh.
    60 | D        | Found a white marble altar of Elyvilon.
    61 | D        | Found a roughly hewn altar of Beogh.
    62 | D        | Found a viscous altar of Jiyva.
    63 | D        | Found a corrupted altar of Lugonu.
    64 | D        | Found a blossoming altar of Fedhas.
    65 | D        | Found a snail-covered altar of Cheibriados.
    66 | D        | Found a shadowy altar of Dithmenos.
    67 | D        | Found a stormy altar of Qazlal.
    68 | D        | Found an opulent altar of Gozag.
    69 | D        | Found a sacrificial altar of Ru.
    70 | D        | Found an oddly glowing altar of Pakellas.
   124 | D        | Received a gift from Trog
   124 | D        | Reached skill level 12 in Polearms
   130 | D        | Reached XP level 6. HP: 63/63 MP: 5/5
   136 | D        | Reached ***** piety under Trog
   136 | D        | Reached skill level 13 in Polearms
   208 | D        | Noticed a troll
   208 | D        | Noticed a centaur warrior
   208 | D        | Noticed a yak
   208 | D        | Noticed a yak
   208 | D        | Noticed a centaur warrior
   210 | D        | Killed a troll
   210 | D        | Received a gift from Trog
   210 | D        | Reached skill level 10 in Fighting
   210 | D        | Reached skill level 14 in Polearms
   210 | D        | Reached XP level 7. HP: 73/73 MP: 6/6
   217 | D        | Killed a centaur warrior
   217 | D        | Reached skill level 16 in Polearms
   217 | D        | Reached XP level 8. HP: 85/85 MP: 7/7
   221 | D        | Reached skill level 17 in Polearms
   226 | D        | Killed a centaur warrior
   226 | D        | Reached skill level 18 in Polearms
   226 | D        | Reached XP level 9. HP: 94/94 MP: 8/8
   399 | D        | Noticed a spiny frog
   405 | D        | Killed a spiny frog
   405 | D        | Received a gift from Trog
   405 | D        | Reached skill level 19 in Polearms
   441 | D        | Reached ****** piety under Trog
   454 | D        | Received a gift from Trog
   457 | D        | Got a crude glaive {god gift}
   458 | D        | Identified the +3 glaive of Elitism {chop, +Rage +Inv Stlth-} (Trog gifted it to you in the Dungeon)
   629 | D        | Noticed a four-headed hydra
   629 | D        | Noticed a griffon
   629 | D        | Noticed an eight-headed hydra
   656 | D        | Killed a four-headed hydra
   656 | D        | Reached skill level 20 in Polearms
   661 | D        | Killed a griffon
   661 | D        | Reached skill level 15 in Fighting
   661 | D        | Reached XP level 10. HP: 103/105 MP: 9/9
   665 | D        | Killed a ten-headed hydra
   665 | D        | Reached skill level 21 in Polearms
   665 | D        | Reached skill level 5 in Throwing
   670 | D        | Received a gift from Trog
   781 | D        | Noticed a lindwurm
   781 | D        | Noticed a lindwurm
   781 | D        | Noticed a lindwurm
   788 | D        | Killed a lindwurm
   793 | D        | Killed a lindwurm
   793 | D        | Received a gift from Trog
   793 | D        | Reached skill level 22 in Polearms
   802 | D        | Killed a lindwurm
   807 | D        | Noticed a lindwurm
   809 | D        | Got a polished bardiche {god gift}
   814 | D        | Identified the +9 bardiche "Bauvufua" {venom, Str+4} (Trog gifted it to you in the Dungeon)
   817 | D        | Killed a lindwurm
   841 | D        | Noticed a lindwurm
   846 | D        | Killed a lindwurm
   846 | D        | Reached XP level 11. HP: 87/115 MP: 10/10
  1029 | D        | Fell from the grace of Trog
  1029 | D        | Became a worshipper of Warmaster Okawaru
  1292 | D        | Noticed an orc high priest
  1298 | D        | Killed an orc high priest
  1298 | D        | Reached skill level 23 in Polearms
  1321 | D        | Noticed an ettin
  1328 | D        | Killed an ettin
  1516 | D        | Noticed an orc knight
  1516 | D        | Noticed an orc knight
  1526 | D        | Killed an orc knight
  1528 | D        | Killed an orc knight
  1528 | D        | Reached * piety under Okawaru
  1529 | D        | Reached skill level 24 in Polearms
  1753 | D        | Noticed an orc knight
  1757 | D        | Killed an orc knight
  1757 | D        | Reached ** piety under Okawaru
  1876 | D        | Paralysed by Trog for 7 turns
  1916 | D        | Noticed an orc sorcerer
  1924 | D        | Killed an orc sorcerer
  2281 | D        | Found Magyc's Antique Armour Emporium.
  2281 | D        | Noticed an ogre mage
  2281 | D        | Noticed a deep troll
  2281 | D        | Noticed a deep troll
  2289 | D        | Noticed a hill giant
  2293 | D        | Noticed an ogre mage
  2294 | D        | Killed a deep troll
  2295 | D        | Noticed a hill giant
  2295 | D        | Killed an ogre mage
  2295 | D        | Reached *** piety under Okawaru
  2295 | D        | Reached skill level 25 in Polearms
  2304 | D        | Killed a deep troll
  2305 | D        | Slain by a hill giant

Vault maps used:
D:        linesprint

Skill      XL: |  1  2  3  4  5  6  7  8  9 10 11 |
---------------+----------------------------------+-----
Polearms       | 7 8 11 12 14 16 18 20 22 25 | 25.2
Fighting       | 5 6 8 9 10 12 13 15 16 17 | 17.6
Throwing       | 4 6 8 |  8.7
Armour         | |  2.8
Dodging        | |  2.6

Action                   |  1- 3 |  4- 6 |  7- 9 | 10-12 || total
-------------------------+-------+-------+-------+-------++-------
Melee: Spear             |    17 |    12 |       |       ||    29
       Headbutt          |     1 |     9 |     5 |    26 ||    41
       Halberd           |       |    14 |    39 |       ||    53
       Glaive            |       |       |     4 |    37 ||    41
       Bardiche          |       |       |       |    85 ||    85
Throw: Javelin           |       |       |       |     1 ||     1
Invok: Berserk           |     1 |     2 |     1 |     2 ||     6
       Brothers in Arms  |       |       |     1 |     1 ||     2
 Stab: Distracted        |       |       |       |     1 ||     1
  Eat: Chunk             |       |       |     3 |     7 ||    10
Armor: Animal skin       |     2 |     1 |       |       ||     3
       Plate armour      |       |     2 |    28 |    26 ||    56
Dodge: Dodged            |     9 |     4 |    16 |    18 ||    47
